 Dungeon Sprint DCSS version 0.17-a0-1-g1f4be75 (webtiles) character file.

217 Medar the Martial Artist (level 9, -16/53 HPs)
             Began as a Vine Stalker Monk on Mar 10, 2015.
             Was a High Priest of Cheibriados.
             Killed from afar by a deep elf knight (29 damage)
             ... with a shard of ice
             ... in the Dungeon (Sprint VI: "Thunderdome").
             The game lasted 00:07:38 (724 turns).

Medar the Martial Artist (Vine Stalker Monk)         Turns: 724, Time: 00:07:38

Health: -16/53     AC:  2    Str: 31    XL:     9   Next: 85%
Magic:  0/21       EV: 23    Int: 24    God:    Cheibriados [*****.]
Gold:   257        SH:  8    Dex: 36    Spells: 0 memorised, 8 levels left

rFire  + + .     SeeInvis .       - Unarmed
rCold  . . .     Clarity  .     a - +0 robe
rNeg   . . .     SustAb   .     q - +0 buckler
rPois  .         Gourm    .     (no helmet)
rElec  +         Spirit   +     (no cloak)
rCorr  .         Warding  .     (no gloves)
rMut   .         NoTele   +     (no boots)
MR     +....                    n - amulet "Qyckynn" {+Rage rElec}
Stlth  ++++......               p - ring "Symmaj" {rF++ Str+3}
                                o - ring "Ahoriat" {Dex+2 Stlth+}

@: very slow, somewhat resistant to hostile enchantments, stealthy
A: fangs 3, regeneration 2, magic shield, antimagic bite, no device heal 3, rot
immunity
a: Bend Time, Temporal Distortion, Slouch, Step From Time, Renounce Religion,
Evoke Berserk Rage
}: 1/15 runes: decaying


You were in the Dungeon.
You worshipped Cheibriados.
Cheibriados was extremely pleased with you.
You were not hungry.

You visited 1 branch You collected 530 gold pieces.
You spent 273 gold pieces at shops.

Inventory:

Hand weapons
 b - a +0 blowgun
Missiles
 m - 5 curare-tipped needles
Armour
 a - a +0 robe (worn)
 q - a +0 buckler (worn)
Jewellery
 n - the amulet "Qyckynn" (around neck) {+Rage rElec}
   (You bought it in a shop in the Dungeon)

   [amulet of rage]

   It insulates you from electricity.
   It lets you go berserk.
 o - the ring "Ahoriat" (left hand) {Dex+2 Stlth+}
   (You bought it in a shop in the Dungeon)

   [ring of stealth]

   It affects your dexterity (+2).
   It makes you more stealthy.
 p - the ring "Symmaj" (right hand) {rF++ Str+3}
   (You bought it in a shop in the Dungeon)

   [ring of strength]

   It affects your strength (+3).
   It greatly protects you from fire.
Magical devices
 c - a wand of random effects (25)
 d - a wand of cold (2)
 i - a wand of fire (4)
 k - a wand of flame (14)
Scrolls
 h - 4 scrolls of blinking
 j - 3 scrolls of fog
Potions
 e - 4 potions of haste
 f - 2 potions of magic
 g - a potion of berserk rage {!q}
 l - a potion of resistance
 s - a potion of brilliance {unknown}
 t - 4 potions of curing {@q1}
Comestibles
 r - a bread ration


   Skills:
 + Level 9.0 Fighting
 + Level 8.3 Dodging
 - Level 2.4 Stealth
 - Level 5.8 Shields
 + Level 13.0 Unarmed Combat
 - Level 6.9 Invocations


You had 8 spell levels left.
You didn't know any spells.

Dungeon Overview and Level Annotations

Branches:
Dungeon (1/1)

Altars:
Cheibriados
Dithmenos
Fedhas
Gozag
Kikubaaqudgha
Makhleb
Okawaru
Qazlal
Ru
Sif Muna
Trog
Vehumet
Xom
Yredelemnul
Zin
The Shining One
Jiyva
Lugonu

Shops:
D *[%??*?*:[((!!!!


Innate Abilities, Weirdness & Mutations

You have razor-sharp teeth.
You heal very quickly.
When hurt, damage is shared between your health and your magic reserves.
Your bite disrupts and absorbs the magic of your enemies.
Potions and wands cannot restore your health.
You are immune to rotting.


Message History

The deep elf knight falters for a moment.
You hit the deep elf mage.
You kill the deep elf mage!
Cheibriados appreciates the change of pace.
Your Fighting skill increases to level 9!
Your Unarmed Combat skill increases to level 13!
The ice beast disappears in a puff of smoke!
The deep elf knight completely misses you.
The deep elf knight mumbles some strange words.
The deep elf knight seems to speed up.
Unknown command.
Use which ability? (? or * to list)
You can feel time thicken for a moment.
You feel somewhat more hungry.
Cheibriados reduces the support of your attributes as your movement quickens.
The deep elf knight hits you with a long sword of slicing.
* * * LOW HITPOINT WARNING * * *
x2 The deep elf knight points at you and mumbles some strange words.
The shard of ice hits you!
Ouch! That really hurt!
You die...

##⌠⌠⌠## #e....# ##.....##
##∩.....∩## #∩.......∩#
#_......._# #_..§.....#
#.....)ee_# ###......@..###
#⌠...........⌠#
######.8.........8.######
##∩___......###.)...._._∩##
##∩.......)8.# #.8........∩###
.........)...###.............##
..........###...###..........⌠#
......)...# #.<.# #..........⌠#
..........###...###..........P#


You could see 2 deep elf knights and a deep elf summoner (wandering).

Vanquished Creatures
  A wizard (D)
  Sonja (D)
  2 deep elf magi (D)
  2 porcupines (D)
  Sigmund (D)
  3 big kobolds (D)
  Jessica (D)
  A river rat (D)
  A giant gecko (D)
  A bat (D)
  2 hobgoblins (D)
  3 kobolds (D)
  A quokka (D)
  2 rats (D)
22 creatures vanquished.

Notes
Turn   | Place    | Note
--------------------------------------------------------------
     0 | D        | Medar, the Vine Stalker Monk, began the quest for the Orb.
     0 | D        | Reached XP level 1. HP: 11/11 MP: 1/1
     2 | D        | Found a radiant altar of Vehumet.
     3 | D        | Found a bloodstained altar of Trog.
     3 | D        | Found a snail-covered altar of Cheibriados.
     4 | D        | Found a shadowy altar of Dithmenos.
     4 | D        | Found a glowing silver altar of Zin.
     5 | D        | Found Qatsipeg's Advanced Armour.
     5 | D        | Found Prauclom's Identification Station.
     5 | D        | Found a blossoming altar of Fedhas.
     5 | D        | Found a corrupted altar of Lugonu.
     6 | D        | Found an ancient bone altar of Kikubaaqudgha.
     6 | D        | Round 1.
     6 | D        | Noticed Jessica
     7 | D        | Found Loovueq's Jewellery.
     7 | D        | Found Blaenkut's Bee Food.
     8 | D        | Killed Jessica
     8 | D        | Reached skill level 6 in Unarmed Combat
     8 | D        | Reached XP level 2. HP: 2/16 MP: 0/3
    28 | D        | Found a deep blue altar of Sif Muna.
    30 | D        | Found a stormy altar of Qazlal.
    31 | D        | Found Stofasm's Magic Scroll Shop.
    33 | D        | Noticed Sigmund
    38 | D        | Killed Sigmund
    38 | D        | Reached skill level 9 in Unarmed Combat
    38 | D        | Reached XP level 3. HP: 10/19 MP: 2/4
    38 | D        | Reached XP level 4. HP: 12/23 MP: 2/5
    41 | D        | Found Mnabiawu's Premium Goods.
    42 | D        | Found Ohausuu's Miscellaneous Merchandise.
    44 | D        | Found a basalt altar of Yredelemnul.
    44 | D        | Found a glowing golden altar of the Shining One.
    46 | D        | Found Piafep's Weapon Rack.
    46 | D        | Found Kubiuz's Basic Armour.
    52 | D        | Found a burning altar of Makhleb.
    63 | D        | Became a worshipper of Cheibriados the Contemplative
    63 | D        | Acquired Cheibriados' first power
    86 | D        | Bought an ancient garnet amulet for 45 gold pieces
    86 | D        | Identified the amulet "Qyckynn" {+Rage rElec} (You bought it in a shop in the Dungeon)
    87 | D        | Bought a crude jade ring for 45 gold pieces
    87 | D        | Identified the ring "Ahoriat" {Dex+2 Stlth+} (You bought it in a shop in the Dungeon)
    88 | D        | Bought a steaming pewter ring for 45 gold pieces
    88 | D        | Identified the ring "Symmaj" {rF++ Str+3} (You bought it in a shop in the Dungeon)
    97 | D        | Found Laoxkuyc's Magic Scroll Shop.
    98 | D        | Found a viscous altar of Jiyva.
    99 | D        | Found Manumih's Must-Have Magic.
   100 | D        | Found an iron altar of Okawaru.
   101 | D        | Found Hyur Tuyw's Staff Store.
   122 | D        | Found an opulent altar of Gozag.
   125 | D        | Found a sacrificial altar of Ru.
   125 | D        | Found Cyink's Distillery.
   126 | D        | Found Eptucafa's Distillery.
   128 | D        | Found Laywn's Bottled Wisdom.
   128 | D        | Found a shimmering altar of Xom.
   128 | D        | Found Ducaunt's Do-It-Yourself Clinic.
   153 | D        | Arena points: 5 (+5) [x1]
   159 | D        | Bought a +0 buckler for 54 gold pieces
   165 | D        | Round 2.
   167 | D        | Noticed a porcupine
   170 | D        | Killed a porcupine
   170 | D        | Reached skill level 5 in Shields
   170 | D        | Reached XP level 5. HP: 23/27 MP: 7/7
   200 | D        | Acquired Cheibriados' second power
   245 | D        | Noticed a porcupine
   253 | D        | Killed a porcupine
   253 | D        | Acquired Cheibriados' third power
   253 | D        | Reached skill level 10 in Unarmed Combat
   253 | D        | Gained mutation: You heal very quickly. [vine stalker growth]
   253 | D        | Reached XP level 6. HP: 30/33 MP: 6/8
   261 | D        | Arena points: 33 (+28) [x2]
   301 | D        | Round 3.
   320 | D        | Reached skill level 5 in Fighting
   328 | D        | Noticed Sonja
   332 | D        | Killed Sonja
   332 | D        | Acquired Cheibriados' fourth power
   332 | D        | Reached skill level 5 in Dodging
   332 | D        | Reached skill level 11 in Unarmed Combat
   332 | D        | Reached XP level 7. HP: 22/40 MP: 5/9
   374 | D        | Arena points: 96 (+63) [x3]
   390 | D        | Bought 4 potions of curing for 84 gold pieces
   405 | D        | Round 4.
   510 | D        | Noticed a hippogriff
   523 | D        | Arena points: 112 (+16) [x1]
   532 | D        | Round 5.
   533 | D        | Noticed a witch
   551 | D        | Killed a witch
   551 | D        | Arena points: 217 (+105) [x3]
   551 | D        | Reached skill level 12 in Unarmed Combat
   551 | D        | Gained mutation: You have razor-sharp teeth. [vine stalker growth]
   551 | D        | Reached XP level 8. HP: 44/48 MP: 11/11
   554 | D        | Got a decaying rune of Zot
   555 | D        | Reached XP level 9. HP: 49/52 MP: 11/21
   689 | D        | Round 6.
   713 | D        | Noticed a deep elf knight
   714 | D        | Noticed a deep elf knight
   723 | D        | Reached skill level 13 in Unarmed Combat
   724 | D        | Killed from afar by a deep elf knight

Action                   |  1- 3 |  4- 6 |  7- 9 || total
-------------------------+-------+-------+-------++-------
Melee: Unarmed           |     2 |    16 |    48 ||    66
Invok: Slouch            |       |       |     2 ||     2
Evoke: Wand              |     3 |     1 |       ||     4
  Use: Potion            |     1 |       |     1 ||     2
 Stab: Distracted        |       |     1 |       ||     1
